Canadiens vs Oilers
(R1)
Created - May 17, 2024 at 20:20
Goals
|
| Canadiens |
2 |
0 |
1 |
3 |
| Oilers |
0 |
0 |
1 |
1 |
|
Shots
|
| Canadiens |
14 |
7 |
6 |
27 |
| Oilers |
16 |
3 |
3 |
22 |
|
1st period
1. Canadiens , Jordan Szwarz 3 (Chris Kreider 2, Sean Zimmerman 3) at 5:39
2. Canadiens , Mika Zibanejad 3 (Artemi Panarin 2, David Pastrnak 5) at 9:40
Penalties :
Frans Nielsen (Edm) for Interference (Minor) at 5:42, Jake Virtanen (Edm) for Hooking (Minor) at 12:32
2nd period
No Goal
Penalties :
Cam Fowler (Mon) for Hooking (Minor) at 0:43, Connor McDavid (Edm) for High sticking (Minor) at 1:00, Marcus Kruger (Mon) for Slashing (Minor) at 3:22, Justin Schultz (Mon) for Roughing (Minor) at 3:45, Alex Goligoski (Edm) for High sticking (Minor) at 7:41, Darnell Nurse (Edm) for Roughing (Minor) at 18:49
3rd period
3. Canadiens , Alexandre Grenier 2 (Brent Burns 2, Corban Knight 4) at 1:41
4. Oilers , Adam Gaudette 1 (Connor McDavid 3, Darnell Nurse 3) at 5:35
Penalties :
Artemi Panarin (Mon) for High sticking (Minor) at 15:25, Anton Slepyshev (Edm) for Cross-checking (Minor) at 17:52
Goalie Stats
Andrei Vasilevskiy (Mon), 21 saves from 22 shots - (0.955), W, 1-0-0, 60:00 minutes
Stuart Skinner (Edm), 24 saves from 27 shots - (0.889), L, 0-1-0, 60:00 minutes
Players Stats for Canadiens
Player Name G A P +/- PIM S H SB GA TA FO MP PP MP PK MP
------------------------------------------------------------------------------------
Alexandre Grenier 1 0 1 1 0 1 0 0 0 0 0/0 8:49 0:43 0:00
Artemi Panarin 0 1 1 1 2 2 1 0 1 0 0/1 20:57 5:36 0:23
Brandon Bollig 0 0 0 1 0 1 1 0 0 1 0/0 9:19 0:38 0:47
Brent Burns 0 1 1 1 0 0 1 1 0 1 0/0 20:42 3:49 1:59
Brian Dumoulin 0 0 0 2 0 2 1 1 1 0 0/0 17:26 3:49 0:48
Cam Fowler 0 0 0 0 2 0 0 2 1 0 0/0 25:37 6:27 1:50
Chris Kreider 0 1 1 0 0 4 2 0 0 0 0/0 16:24 4:02 0:13
Cody Eakin 0 0 0 0 0 1 1 0 0 0 5/9 13:49 0:34 1:39
Corban Knight 0 1 1 1 0 0 1 0 0 0 0/0 8:03 0:00 0:42
David Pastrnak 0 1 1 1 0 4 2 0 2 0 2/4 19:33 5:36 0:00
Jiri Sekac 0 0 0 0 0 0 0 0 0 0 0/0 10:39 0:00 0:00
Jordan Szwarz 1 0 1 0 0 5 0 0 0 0 0/0 15:31 3:49 0:00
Justin Schultz 0 0 0 0 2 0 0 2 0 0 0/0 16:18 0:00 1:50
Marcus Kruger 0 0 0 0 2 0 0 0 0 0 0/0 12:24 0:00 1:39
Mika Zibanejad 1 0 1 1 0 2 2 0 2 0 11/22 19:53 5:36 0:20
Rasmus Ristolainen 0 0 0 0 0 2 2 0 3 1 0/0 24:39 6:23 0:00
Sean Zimmerman 0 1 1 1 0 1 0 0 0 0 0/0 14:09 0:00 2:48
Vincent Trocheck 0 0 0 0 0 2 1 0 0 0 7/10 17:48 3:58 1:57
Players Stats for Oilers
Player Name G A P +/- PIM S H SB GA TA FO MP PP MP PK MP
------------------------------------------------------------------------------------
Adam Gaudette 1 0 1 0 0 1 3 0 0 0 0/0 13:31 1:58 0:00
Alex Goligoski 0 0 0 -3 2 1 1 0 0 1 0/0 21:58 1:49 4:10
Alexander Radulov 0 0 0 -1 0 1 2 0 0 0 2/2 16:37 2:40 1:29
Anton Slepyshev 0 0 0 0 2 3 0 0 0 0 0/0 12:39 0:00 0:36
Brent Seabrook 0 0 0 0 0 0 2 3 0 2 0/0 26:56 2:49 6:32
Connor McDavid 0 1 1 0 2 2 2 1 0 2 8/23 21:01 2:39 6:19
Darnell Nurse 0 1 1 0 2 2 1 2 1 1 0/0 25:18 2:49 4:55
Evgeny Dadonov 0 0 0 0 0 1 1 0 0 0 0/0 11:23 0:00 0:00
Frans Nielsen 0 0 0 -1 2 3 0 1 0 1 6/13 16:18 1:58 2:11
Frederik Gauthier 0 0 0 0 0 2 0 0 0 0 3/5 12:07 0:00 0:13
Jake Virtanen 0 0 0 -1 2 1 0 0 1 0 0/0 8:10 0:00 0:00
Jamie Benn 0 0 0 -1 0 1 0 0 0 0 0/0 17:11 1:58 3:16
Jamie McBain 0 0 0 -3 0 0 4 3 0 0 0/0 20:40 1:49 3:40
Leon Draisaitl 0 0 0 0 0 3 2 1 0 2 2/3 21:53 2:40 6:20
Marcus Pettersson 0 0 0 1 0 0 0 0 1 0 0/0 13:32 0:00 1:07
Mark Jankowski 0 0 0 -1 0 0 0 0 0 0 0/0 8:11 0:00 0:00
Ryan Kesler 0 0 0 -1 0 0 0 0 0 1 0/0 8:11 0:00 0:00
Zac Leslie 0 0 0 1 0 1 2 1 0 0 0/0 12:24 0:00 0:00
3 Stars
1 - Mika Zibanejad (Mon)
2 - Alexandre Grenier (Mon)
3 - Andrei Vasilevskiy (Mon)
Power Play
Canadiens - 0 on 6 Attempt(s) - 0.00%
Oilers - 0 on 4 Attempt(s) - 0.00%
Penalty Kill
Canadiens - 4 on 4 Attempt(s) - 100.00%
- Score 0 goal in Penalty Kill
Oilers - 6 on 6 Attempt(s) - 100.00%
- Score 0 goal in Penalty Kill
Team Stat
Canadiens - Hits : 15 - Faceoff Wins : 25 - Blocked Shots : 6 - Penalty Minutes : 8
Oilers - Hits : 20 - Faceoff Wins : 21 - Blocked Shots : 12 - Penalty Minutes : 12
Official
Referees : Jacob Brenk and Ghislain Hebert
Linesman : Devin Berg and Kory Nagy
Game Notes
No Game Note
Finance
Level 1 -- Attendance: 6000 (100.00%) -- Ticket Income $600,000
Level 2 -- Attendance: 5000 (100.00%) -- Ticket Income $300,000
Level 3 -- Attendance: 2000 (100.00%) -- Ticket Income $70,000
Level 4 -- Attendance: 4000 (100.00%) -- Ticket Income $100,000
Luxury Box -- Attendance: 1000 (100.00%) -- Ticket Income $200,000
Game was played at the Rodgers Place.
Total Attendance: 18000 (100.00%)
Total Ticket Income: $1,270,000
Other Income: $190,500
Total Income: $1,460,500
Canadiens
5 vs 5 Forward
Center Left Wing Right Wing Time % Phy DF OF
1 Mika Zibanejad Artemi Panarin David Pastrnak 40 0 2 3
2 Vincent Trocheck Chris Kreider Jordan Szwarz 30 0 2 3
3 Cody Eakin Jiri Sekac Marcus Kruger 20 0 2 3
4 Corban Knight Brandon Bollig Alexandre Grenier 10 0 2 3
5 vs 5 Defense
Defense Defense Time % Phy DF OF
1 Rasmus Ristolainen Cam Fowler 40 0 2 3
2 Brent Burns Justin Schultz 30 0 2 3
3 Sean Zimmerman Brian Dumoulin 20 0 2 3
4 Rasmus Ristolainen Cam Fowler 10 0 2 3
PowerPlay Forward
Center Left Wing Right Wing Time % Phy DF OF
1 Mika Zibanejad Artemi Panarin David Pastrnak 60 0 1 4
2 Vincent Trocheck Chris Kreider Jordan Szwarz 40 0 1 4
PowerPlay Defense
Defense Defense Time % Phy DF OF
1 Rasmus Ristolainen Cam Fowler 60 0 1 4
2 Brian Dumoulin Brent Burns 40 0 1 4
Penalty Kill 4 Players Forward
Center Wing Time % Phy DF OF
1 Vincent Trocheck Marcus Kruger 60 1 2 2
2 Mika Zibanejad Brandon Bollig 40 1 2 2
Penalty Kill 4 Players Defense
Defense Defense Time % Phy DF OF
1 Sean Zimmerman Justin Schultz 60 1 2 2
2 Cam Fowler Brent Burns 40 1 2 2
Penalty Kill - 3 Players Forward
Forward Time % Phy DF OF
1 Cody Eakin 60 0 3 2
2 Corban Knight 40 0 3 2
Penalty Kill - 3 Players Defense
Defense Defense Time % Phy DF OF
1 Justin Schultz Cam Fowler 60 0 3 2
2 Brian Dumoulin Sean Zimmerman 40 0 3 2
4 vs 4 Forward
Center Wing Time % Phy DF OF
1 Cody Eakin Artemi Panarin 60 0 2 3
2 Mika Zibanejad David Pastrnak 40 0 2 3
4 vs 4 Defense
Defense Defense Time % Phy DF OF
1 Rasmus Ristolainen Cam Fowler 60 0 2 3
2 Brian Dumoulin Brent Burns 40 0 2 3
Last Minutes Offensive
Center Left Wing Right Wing Defense Defense
Mika Zibanejad Artemi Panarin David Pastrnak Rasmus Ristolainen Cam Fowler
Last Minutes Defensive
Center Left Wing Right Wing Defense Defense
Mika Zibanejad Artemi Panarin David Pastrnak Rasmus Ristolainen Cam Fowler
Goaltenders
Starting : Andrei Vasilevskiy
Backup : Robin Lehner
Extra Forwards
Normal : David Pastrnak, Mika Zibanejad, Chris Kreider - PP : David Pastrnak, Artemi Panarin - PK : Marcus Kruger
Extra Defensemen
Normal : Rasmus Ristolainen, Cam Fowler, Justin Schultz - PP : Rasmus Ristolainen - PK : Justin Schultz, Cam Fowler
Penalty Shots
Vincent Trocheck, Artemi Panarin, Mika Zibanejad, David Pastrnak, Marcus Kruger
Custom OT Lines Forwards
Artemi Panarin, Mika Zibanejad, David Pastrnak, Chris Kreider, Vincent Trocheck, Marcus Kruger, Cody Eakin, Jiri Sekac, Jordan Szwarz, Corban Knight
Custom OT Lines Defensemen
Rasmus Ristolainen, Cam Fowler, Brian Dumoulin, Brent Burns, Sean Zimmerman
Scratches
None
Oilers
5 vs 5 Forward
Center Left Wing Right Wing Time % Phy DF OF
1 Frans Nielsen Jamie Benn Alexander Radulov 35 1 2 2
2 Connor McDavid Leon Draisaitl Adam Gaudette 30 1 2 2
3 Frederik Gauthier Anton Slepyshev Evgeny Dadonov 25 1 2 2
4 Ryan Kesler Mark Jankowski Jake Virtanen 10 1 2 2
5 vs 5 Defense
Defense Defense Time % Phy DF OF
1 Darnell Nurse Brent Seabrook 40 1 2 2
2 Jamie McBain Alex Goligoski 30 1 2 2
3 Marcus Pettersson Zac Leslie 20 1 2 2
4 Darnell Nurse Brent Seabrook 10 1 2 2
PowerPlay Forward
Center Left Wing Right Wing Time % Phy DF OF
1 Connor McDavid Leon Draisaitl Alexander Radulov 60 1 2 2
2 Frans Nielsen Jamie Benn Adam Gaudette 40 1 2 2
PowerPlay Defense
Defense Defense Time % Phy DF OF
1 Darnell Nurse Brent Seabrook 60 1 2 2
2 Jamie McBain Alex Goligoski 40 1 2 2
Penalty Kill 4 Players Forward
Center Wing Time % Phy DF OF
1 Connor McDavid Leon Draisaitl 60 1 4 0
2 Frans Nielsen Jamie Benn 40 1 4 0
Penalty Kill 4 Players Defense
Defense Defense Time % Phy DF OF
1 Darnell Nurse Brent Seabrook 60 0 5 0
2 Jamie McBain Alex Goligoski 40 0 5 0
Penalty Kill - 3 Players Forward
Forward Time % Phy DF OF
1 Connor McDavid 60 0 5 0
2 Frans Nielsen 40 0 5 0
Penalty Kill - 3 Players Defense
Defense Defense Time % Phy DF OF
1 Darnell Nurse Brent Seabrook 60 0 5 0
2 Jamie McBain Alex Goligoski 40 0 5 0
4 vs 4 Forward
Center Wing Time % Phy DF OF
1 Connor McDavid Leon Draisaitl 60 1 2 2
2 Frans Nielsen Jamie Benn 40 1 2 2
4 vs 4 Defense
Defense Defense Time % Phy DF OF
1 Darnell Nurse Brent Seabrook 60 1 2 2
2 Jamie McBain Alex Goligoski 40 1 2 2
Last Minutes Offensive
Center Left Wing Right Wing Defense Defense
Connor McDavid Leon Draisaitl Alexander Radulov Darnell Nurse Brent Seabrook
Last Minutes Defensive
Center Left Wing Right Wing Defense Defense
Connor McDavid Leon Draisaitl Alexander Radulov Darnell Nurse Brent Seabrook
Goaltenders
Starting : Stuart Skinner
Backup : Carter Hart
Extra Forwards
Normal : Alexander Radulov, Frederik Gauthier, Adam Gaudette - PP : Alexander Radulov, Frederik Gauthier - PK : Alexander Radulov
Extra Defensemen
Normal : Alex Goligoski, Marcus Pettersson, Zac Leslie - PP : Alex Goligoski - PK : Alex Goligoski, Marcus Pettersson
Penalty Shots
Connor McDavid, Leon Draisaitl, Frans Nielsen, Jamie Benn, Alexander Radulov
Custom OT Lines Forwards
Connor McDavid, Leon Draisaitl, Frans Nielsen, Jamie Benn, Alexander Radulov, Frederik Gauthier, Adam Gaudette, Evgeny Dadonov, Jake Virtanen, Ryan Kesler
Custom OT Lines Defensemen
Darnell Nurse, Brent Seabrook, Jamie McBain, Alex Goligoski, Marcus Pettersson
Scratches
Jaroslav Halak (Healthy)
% Time on Ice - Canadiens
Lines # - Real PCT - Wanted PCT - Time Play
Normal Forward
1 - 32% - 40% - 13:46
2 - 27% - 30% - 11:42
3 - 25% - 20% - 10:39
4 - 17% - 10% - 7:21
Normal Defense
1 - 40% - 40% - 17:30
2 - 34% - 30% - 14:46
3 - 25% - 20% - 10:49
4 - 1% - 10% - 0:23
PP Forward
1 - 59% - 60% - 6:03
2 - 41% - 40% - 4:09
PP Defense
1 - 63% - 60% - 6:23
2 - 37% - 40% - 3:49
PK Forward
1 - 94% - 60% - 2:51
2 - 6% - 40% - 0:11
PK Defense
1 - 74% - 60% - 2:14
2 - 26% - 40% - 0:48
PK3 Forward
1 - 90% - 60% - 1:26
2 - 10% - 40% - 0:10
PK3 Defense
1 - 58% - 60% - 0:56
2 - 42% - 40% - 0:40
44 Forward
1 - 79% - 60% - 1:21
2 - 21% - 40% - 0:21
44 Defense
1 - 54% - 60% - 0:55
2 - 46% - 40% - 0:47
Last Minute Offensive - 0:00
Last Minute Defensive - 0:00
Total
Forward - 60:00
Defense - 60:00
|
% Time on Ice - Oilers
Lines # - Real PCT - Wanted PCT - Time Play
Normal Forward
1 - 29% - 35% - 12:45
2 - 26% - 30% - 11:09
3 - 26% - 25% - 11:23
4 - 19% - 10% - 8:11
Normal Defense
1 - 38% - 40% - 16:37
2 - 33% - 30% - 14:27
3 - 29% - 20% - 12:24
4 - 0% - 10% - 0:00
PP Forward
1 - 58% - 60% - 2:40
2 - 42% - 40% - 1:58
PP Defense
1 - 61% - 60% - 2:49
2 - 39% - 40% - 1:49
PK Forward
1 - 71% - 60% - 7:14
2 - 29% - 40% - 2:58
PK Defense
1 - 68% - 60% - 6:54
2 - 32% - 40% - 3:18
PK3 Forward
1 - 0% - 60%
2 - 0% - 40%
PK3 Defense
1 - 0% - 60%
2 - 0% - 40%
44 Forward
1 - 100% - 60% - 1:42
2 - 0% - 40% - 0:00
44 Defense
1 - 57% - 60% - 0:58
2 - 43% - 40% - 0:44
Last Minute Offensive - 0:00
Last Minute Defensive - 0:00
Total
Forward - 60:00
Defense - 60:00
|
Play-by-Play
1st period
0:01 of 1st period - David Pastrnak wins face-off versus Frans Nielsen in neutral zone.
0:04 of 1st period - Snap shot by Artemi Panarin.
0:04 of 1st period - Shot Misses the Net.
0:06 of 1st period - Slapshot by Cam Fowler.
0:06 of 1st period - Shot Blocked by Brent Seabrook.
0:08 of 1st period - Slapshot by Rasmus Ristolainen.
0:08 of 1st period - Shot Blocked by Darnell Nurse.
0:16 of 1st period - Snap shot by David Pastrnak.
0:16 of 1st period - Stopped by Stuart Skinner with a rebound.
1:27 of 1st period - Frans Nielsen is hit by David Pastrnak and loses puck.
1:54 of 1st period - Sean Zimmerman is hit by Zac Leslie and loses puck.
2:15 of 1st period - Slapshot by Frederik Gauthier.
2:15 of 1st period - Stopped by Andrei Vasilevskiy with a rebound.
2:39 of 1st period - Brent Seabrook is hit by Corban Knight and loses puck.
2:56 of 1st period - Snap shot by Frederik Gauthier.
2:56 of 1st period - Stopped by Andrei Vasilevskiy with a rebound.
2:58 of 1st period - Snap shot by Anton Slepyshev.
2:58 of 1st period - Shot Misses the Net.
3:17 of 1st period - Slapshot by Frederik Gauthier.
3:17 of 1st period - Shot Misses the Net.
3:19 of 1st period - Wrist shot by Anton Slepyshev.
3:19 of 1st period - Stopped by Andrei Vasilevskiy without a rebound.
3:20 of 1st period - Mika Zibanejad wins face-off versus Frans Nielsen in Canadiens zone.
4:10 of 1st period - Wrist shot by Jake Virtanen.
4:10 of 1st period - Stopped by Andrei Vasilevskiy with a rebound.
4:31 of 1st period - Snap shot by Vincent Trocheck.
4:31 of 1st period - Stopped by Stuart Skinner with a rebound.
4:47 of 1st period - Snap shot by Jordan Szwarz.
4:47 of 1st period - Stopped by Stuart Skinner with a rebound.
4:49 of 1st period - Slapshot by Jordan Szwarz.
4:49 of 1st period - Stopped by Stuart Skinner with a rebound.
5:15 of 1st period - Snap shot by Jordan Szwarz.
5:15 of 1st period - Deflect By Alex Goligoski.
5:15 of 1st period - Stopped by Stuart Skinner with a rebound.
5:17 of 1st period - Wrist shot by Chris Kreider.
5:17 of 1st period - Stopped by Stuart Skinner with a rebound.
5:21 of 1st period - Slapshot by Chris Kreider.
5:21 of 1st period - Stopped by Stuart Skinner with a rebound.
5:23 of 1st period - Snap shot by Jordan Szwarz.
5:23 of 1st period - Shot Misses the Net.
5:25 of 1st period - Slapshot by Chris Kreider.
5:25 of 1st period - Stopped by Stuart Skinner with a rebound.
5:31 of 1st period - Snap shot by Jordan Szwarz.
5:31 of 1st period - Deflect By Chris Kreider.
5:31 of 1st period - Stopped by Stuart Skinner with a rebound.
5:39 of 1st period - Slapshot by Jordan Szwarz.
5:39 of 1st period - Goal by Jordan Szwarz - Canadiens : 1 - Oilers : 0.
5:40 of 1st period - Frans Nielsen wins face-off versus Mika Zibanejad in neutral zone.
5:42 of 1st period - Minor Penalty to Frans Nielsen for Interference.
5:43 of 1st period - Leon Draisaitl wins face-off versus Mika Zibanejad in Oilers zone.
6:48 of 1st period - Rasmus Ristolainen is hit by Jamie McBain and loses puck.
7:27 of 1st period - Brent Seabrook is hit by Brandon Bollig and loses puck.
7:42 of 1st period - Penalty to Frans Nielsen is over, Frans Nielsen is back on ice.
7:52 of 1st period - Wrist shot by Connor McDavid.
7:52 of 1st period - Stopped by Andrei Vasilevskiy without a rebound.
7:53 of 1st period - Frederik Gauthier wins face-off versus Cody Eakin in Canadiens zone.
8:53 of 1st period - Icing by Leon Draisaitl.
8:54 of 1st period - Vincent Trocheck wins face-off versus Connor McDavid in Oilers zone.
8:59 of 1st period - Wrist shot by Jordan Szwarz.
8:59 of 1st period - Shot Misses the Net.
9:02 of 1st period - Icing by Alex Goligoski.
9:03 of 1st period - Mika Zibanejad wins face-off versus Connor McDavid in Oilers zone.
9:04 of 1st period - Snap shot by Artemi Panarin.
9:04 of 1st period - Shot Misses the Net.
9:06 of 1st period - Snap shot by Rasmus Ristolainen.
9:06 of 1st period - Shot Blocked by Jamie McBain.
9:08 of 1st period - Wrist shot by David Pastrnak.
9:08 of 1st period - Shot Misses the Net.
9:20 of 1st period - Wrist shot by Connor McDavid.
9:20 of 1st period - Shot Blocked by Cam Fowler.
9:32 of 1st period - Snap shot by Artemi Panarin.
9:32 of 1st period - Shot Blocked by Connor McDavid.
9:34 of 1st period - Wrist shot by David Pastrnak.
9:34 of 1st period - Stopped by Stuart Skinner with a rebound.
9:36 of 1st period - Slapshot by Mika Zibanejad.
9:36 of 1st period - Shot Misses the Net.
9:38 of 1st period - Wrist shot by Artemi Panarin.
9:38 of 1st period - Stopped by Stuart Skinner with a rebound.
9:40 of 1st period - Slapshot by Mika Zibanejad.
9:40 of 1st period - Goal by Mika Zibanejad - Canadiens : 2 - Oilers : 0.
9:41 of 1st period - Cody Eakin wins face-off versus Frans Nielsen in neutral zone.
9:53 of 1st period - Snap shot by Cody Eakin.
9:53 of 1st period - Shot Blocked by Brent Seabrook.
10:09 of 1st period - Wrist shot by Leon Draisaitl.
10:09 of 1st period - Shot Hit the Post.
10:18 of 1st period - Off-side.
10:19 of 1st period - Cody Eakin wins face-off versus Frederik Gauthier in neutral zone.
11:12 of 1st period - Wrist shot by Jamie Benn.
11:12 of 1st period - Shot Misses the Net.
11:14 of 1st period - Wrist shot by Frans Nielsen.
11:14 of 1st period - Stopped by Andrei Vasilevskiy with a rebound.
11:16 of 1st period - Slapshot by Darnell Nurse.
11:16 of 1st period - Stopped by Andrei Vasilevskiy with a rebound.
11:18 of 1st period - Snap shot by Frans Nielsen.
11:18 of 1st period - Stopped by Andrei Vasilevskiy with a rebound.
11:26 of 1st period - Snap shot by Jamie Benn.
11:26 of 1st period - Stopped by Andrei Vasilevskiy with a rebound.
11:28 of 1st period - Wrist shot by Darnell Nurse.
11:28 of 1st period - Stopped by Andrei Vasilevskiy without a rebound.
11:29 of 1st period - Mika Zibanejad wins face-off versus Connor McDavid in Canadiens zone.
11:29 of 1st period - Mika Zibanejad is hit by Jamie McBain.
11:46 of 1st period - Brent Burns is hit by Leon Draisaitl and loses puck.
11:57 of 1st period - Wrist shot by Evgeny Dadonov.
11:57 of 1st period - Stopped by Andrei Vasilevskiy with a rebound.
12:32 of 1st period - Minor Penalty to Jake Virtanen for Hooking.
12:33 of 1st period - Mika Zibanejad wins face-off versus Connor McDavid in Oilers zone.
12:48 of 1st period - Snap shot by Mika Zibanejad.
12:48 of 1st period - Shot Blocked by Leon Draisaitl.
12:50 of 1st period - Wrist shot by Rasmus Ristolainen.
12:50 of 1st period - Deflect By Mika Zibanejad.
12:50 of 1st period - Shot Blocked by Darnell Nurse.
12:50 of 1st period - Puck is out of play.
12:51 of 1st period - Vincent Trocheck wins face-off versus Connor McDavid in Oilers zone.
13:04 of 1st period - Rasmus Ristolainen is hit by Darnell Nurse and loses puck.
14:27 of 1st period - David Pastrnak is hit by Jamie McBain and loses puck.
14:32 of 1st period - Penalty to Jake Virtanen is over, Jake Virtanen is back on ice.
14:40 of 1st period - Snap shot by Marcus Kruger.
14:40 of 1st period - Shot Misses the Net.
15:10 of 1st period - Rasmus Ristolainen is hit by Zac Leslie and loses puck.
16:03 of 1st period - Off-side.
16:04 of 1st period - Mika Zibanejad wins face-off versus Frans Nielsen in neutral zone.
17:00 of 1st period - Snap shot by Leon Draisaitl.
17:00 of 1st period - Stopped by Andrei Vasilevskiy with a rebound.
17:02 of 1st period - Snap shot by Leon Draisaitl.
17:02 of 1st period - Shot Blocked by Justin Schultz.
17:04 of 1st period - Wrist shot by Zac Leslie.
17:04 of 1st period - Stopped by Andrei Vasilevskiy without a rebound.
17:05 of 1st period - Frans Nielsen wins face-off versus Vincent Trocheck in Canadiens zone.
18:22 of 1st period - Wrist shot by Artemi Panarin.
18:22 of 1st period - Stopped by Stuart Skinner with a rebound.
18:30 of 1st period - Wrist shot by David Pastrnak.
18:30 of 1st period - Shot Blocked by Jamie McBain.
19:05 of 1st period - Brent Burns is hit by Adam Gaudette.
19:08 of 1st period - Off-side.
19:09 of 1st period - Connor McDavid wins face-off versus Cody Eakin in neutral zone.
19:24 of 1st period - Slapshot by Brent Seabrook.
19:24 of 1st period - Shot Misses the Net.
19:38 of 1st period - Jamie Benn is hit by Artemi Panarin and loses puck.
19:47 of 1st period - Slapshot by Alexander Radulov.
19:47 of 1st period - Stopped by Andrei Vasilevskiy without a rebound.
19:48 of 1st period - Connor McDavid wins face-off versus David Pastrnak in Canadiens zone.
19:49 of 1st period - Snap shot by Leon Draisaitl.
19:49 of 1st period - Stopped by Andrei Vasilevskiy with a rebound.
19:51 of 1st period - Wrist shot by Leon Draisaitl.
19:51 of 1st period - Stopped by Andrei Vasilevskiy without a rebound.
19:52 of 1st period - Connor McDavid wins face-off versus Artemi Panarin in Canadiens zone.
Goals for this period are 2 for Canadiens vs 0 for Oilers.
Shots for this period are 14 for Canadiens vs 16 for Oilers.
2nd period
0:01 of 2nd period - Frans Nielsen wins face-off versus Mika Zibanejad in neutral zone.
0:43 of 2nd period - Minor Penalty to Cam Fowler for Hooking.
0:44 of 2nd period - Vincent Trocheck wins face-off versus Connor McDavid in Canadiens zone.
0:44 of 2nd period - Vincent Trocheck is hit by Leon Draisaitl.
1:00 of 2nd period - Minor Penalty to Connor McDavid for High sticking.
1:01 of 2nd period - Alexander Radulov wins face-off versus Cody Eakin in Oilers zone.
1:18 of 2nd period - Snap shot by Leon Draisaitl.
1:18 of 2nd period - Shot Misses the Net.
2:06 of 2nd period - Slapshot by Alexander Radulov.
2:06 of 2nd period - Shot Blocked by Brian Dumoulin.
2:36 of 2nd period - Snap shot by Brandon Bollig.
2:36 of 2nd period - Stopped by Stuart Skinner with a rebound.
2:43 of 2nd period - Penalty to Cam Fowler is over, Cam Fowler is back on ice.
2:54 of 2nd period - Brian Dumoulin is hit by Alex Goligoski and loses puck.
3:00 of 2nd period - Penalty to Connor McDavid is over, Connor McDavid is back on ice.
3:22 of 2nd period - Minor Penalty to Marcus Kruger for Slashing.
3:23 of 2nd period - Vincent Trocheck wins face-off versus Connor McDavid in Canadiens zone.
3:45 of 2nd period - Minor Penalty to Justin Schultz for Roughing.
3:46 of 2nd period - Cody Eakin wins face-off versus Connor McDavid in Canadiens zone.
3:46 of 2nd period - Cody Eakin is hit by Alexander Radulov.
5:06 of 2nd period - Sean Zimmerman is hit by Brent Seabrook.
5:22 of 2nd period - Penalty to Marcus Kruger is over, Marcus Kruger is back on ice.
5:40 of 2nd period - Jamie McBain is hit by Brian Dumoulin and loses puck.
5:45 of 2nd period - Penalty to Justin Schultz is over, Justin Schultz is back on ice.
5:54 of 2nd period - Off-side.
5:55 of 2nd period - Frederik Gauthier wins face-off versus David Pastrnak in neutral zone.
6:25 of 2nd period - Snap shot by Jake Virtanen.
6:25 of 2nd period - Shot Misses the Net.
6:27 of 2nd period - Wrist shot by Ryan Kesler.
6:27 of 2nd period - Shot Blocked by Cam Fowler.
6:49 of 2nd period - Jiri Sekac is hit by Alexander Radulov and loses puck.
7:08 of 2nd period - Snap shot by Anton Slepyshev.
7:08 of 2nd period - Stopped by Andrei Vasilevskiy with a rebound.
7:41 of 2nd period - Minor Penalty to Alex Goligoski for High sticking.
7:42 of 2nd period - Connor McDavid wins face-off versus Mika Zibanejad in Oilers zone.
7:48 of 2nd period - Icing by David Pastrnak.
7:49 of 2nd period - David Pastrnak wins face-off versus Connor McDavid in Canadiens zone.
8:05 of 2nd period - Icing by Brian Dumoulin.
8:06 of 2nd period - Mika Zibanejad wins face-off versus Connor McDavid in Canadiens zone.
8:11 of 2nd period - Snap shot by Brian Dumoulin.
8:11 of 2nd period - Stopped by Stuart Skinner without a rebound.
8:12 of 2nd period - Mika Zibanejad wins face-off versus Connor McDavid in Oilers zone.
8:25 of 2nd period - Snap shot by David Pastrnak.
8:25 of 2nd period - Stopped by Stuart Skinner without a rebound.
8:26 of 2nd period - Connor McDavid wins face-off versus Mika Zibanejad in Oilers zone.
8:50 of 2nd period - Icing by David Pastrnak.
8:51 of 2nd period - Vincent Trocheck wins face-off versus Leon Draisaitl in Canadiens zone.
9:41 of 2nd period - Penalty to Alex Goligoski is over, Alex Goligoski is back on ice.
10:02 of 2nd period - Icing by Brent Seabrook.
10:03 of 2nd period - Leon Draisaitl wins face-off versus Vincent Trocheck in Oilers zone.
11:03 of 2nd period - Snap shot by Frederik Gauthier.
11:03 of 2nd period - Shot Blocked by Brent Burns.
12:05 of 2nd period - Slapshot by Alex Goligoski.
12:05 of 2nd period - Stopped by Andrei Vasilevskiy without a rebound.
12:06 of 2nd period - Frederik Gauthier wins face-off versus Mika Zibanejad in Canadiens zone.
12:33 of 2nd period - Brent Seabrook is hit by Chris Kreider and loses puck.
12:52 of 2nd period - Slapshot by Frans Nielsen.
12:52 of 2nd period - Stopped by Andrei Vasilevskiy without a rebound.
12:53 of 2nd period - Frans Nielsen wins face-off versus Cody Eakin in Canadiens zone.
12:54 of 2nd period - Snap shot by Alexander Radulov.
12:54 of 2nd period - Shot Blocked by Justin Schultz.
13:02 of 2nd period - Frans Nielsen is hit by Cody Eakin and loses puck.
13:19 of 2nd period - Darnell Nurse is hit by Brent Burns.
15:49 of 2nd period - Wrist shot by Mika Zibanejad.
15:49 of 2nd period - Stopped by Stuart Skinner with a rebound.
16:45 of 2nd period - Slapshot by Brian Dumoulin.
16:45 of 2nd period - Shot Blocked by Brent Seabrook.
16:47 of 2nd period - Slapshot by Sean Zimmerman.
16:47 of 2nd period - Stopped by Stuart Skinner with a rebound.
17:09 of 2nd period - Slapshot by Chris Kreider.
17:09 of 2nd period - Shot Misses the Net.
17:11 of 2nd period - Wrist shot by Jordan Szwarz.
17:11 of 2nd period - Stopped by Stuart Skinner with a rebound.
17:13 of 2nd period - Wrist shot by Jordan Szwarz.
17:13 of 2nd period - Shot Misses the Net.
17:15 of 2nd period - Wrist shot by Chris Kreider.
17:15 of 2nd period - Shot Blocked by Zac Leslie.
18:05 of 2nd period - Anton Slepyshev is hit by Vincent Trocheck and loses puck.
18:49 of 2nd period - Minor Penalty to Darnell Nurse for Roughing.
18:50 of 2nd period - Vincent Trocheck wins face-off versus Connor McDavid in Oilers zone.
19:27 of 2nd period - Wrist shot by David Pastrnak.
19:27 of 2nd period - Stopped by Stuart Skinner with a rebound.
Goals for this period are 0 for Canadiens vs 0 for Oilers.
Shots for this period are 7 for Canadiens vs 3 for Oilers.
3rd period
0:01 of 3rd period - Mika Zibanejad wins face-off versus Connor McDavid in neutral zone.
0:30 of 3rd period - Snap shot by Cam Fowler.
0:30 of 3rd period - Shot Misses the Net.
0:49 of 3rd period - Penalty to Darnell Nurse is over, Darnell Nurse is back on ice.
1:15 of 3rd period - Cody Eakin is hit by Jamie McBain.
1:37 of 3rd period - Snap shot by Alexandre Grenier.
1:37 of 3rd period - Shot Blocked by Jamie McBain.
1:39 of 3rd period - Slapshot by Brent Burns.
1:39 of 3rd period - Shot Misses the Net.
1:41 of 3rd period - Slapshot by Alexandre Grenier.
1:41 of 3rd period - Goal by Alexandre Grenier - Canadiens : 3 - Oilers : 0.
1:42 of 3rd period - Frans Nielsen wins face-off versus Mika Zibanejad in neutral zone.
2:41 of 3rd period - Snap shot by Chris Kreider.
2:41 of 3rd period - Deflect By Jordan Szwarz.
2:41 of 3rd period - Shot Misses the Net.
2:41 of 3rd period - Puck is out of play.
2:42 of 3rd period - Mika Zibanejad wins face-off versus Frans Nielsen in Oilers zone.
2:59 of 3rd period - Wrist shot by Frans Nielsen.
2:59 of 3rd period - Shot Misses the Net.
3:13 of 3rd period - Slapshot by Brent Burns.
3:13 of 3rd period - Deflect By Marcus Kruger.
3:13 of 3rd period - Shot Misses the Net.
3:13 of 3rd period - Puck is out of play.
3:14 of 3rd period - Cody Eakin wins face-off versus Connor McDavid in Oilers zone.
3:23 of 3rd period - Backhand shot by Cody Eakin.
3:23 of 3rd period - Stopped by Stuart Skinner without a rebound.
3:24 of 3rd period - Connor McDavid wins face-off versus Mika Zibanejad in Oilers zone.
3:24 of 3rd period - Connor McDavid is hit by Mika Zibanejad.
3:31 of 3rd period - Off-side.
3:32 of 3rd period - Alexander Radulov wins face-off versus Mika Zibanejad in neutral zone.
3:46 of 3rd period - Frans Nielsen is hit by Rasmus Ristolainen and loses puck.
4:35 of 3rd period - Slapshot by Jamie McBain.
4:35 of 3rd period - Shot Misses the Net.
5:09 of 3rd period - Brent Burns is hit by Brent Seabrook and loses puck.
5:30 of 3rd period - Brian Dumoulin is hit by Adam Gaudette and loses puck.
5:35 of 3rd period - Snap shot by Connor McDavid.
5:35 of 3rd period - Deflect By Adam Gaudette.
5:35 of 3rd period - Goal by Adam Gaudette - Canadiens : 3 - Oilers : 1.
5:36 of 3rd period - Mika Zibanejad wins face-off versus Frans Nielsen in neutral zone.
5:39 of 3rd period - Darnell Nurse is hit by Mika Zibanejad and loses puck.
6:08 of 3rd period - Snap shot by Connor McDavid.
6:08 of 3rd period - Stopped by Andrei Vasilevskiy with a rebound.
6:28 of 3rd period - Icing by Darnell Nurse.
6:29 of 3rd period - Cody Eakin wins face-off versus Frederik Gauthier in Oilers zone.
7:50 of 3rd period - Marcus Kruger is hit by Evgeny Dadonov and loses puck.
7:57 of 3rd period - Snap shot by Anton Slepyshev.
7:57 of 3rd period - Stopped by Andrei Vasilevskiy without a rebound.
7:58 of 3rd period - Mika Zibanejad wins face-off versus Frans Nielsen in Canadiens zone.
8:09 of 3rd period - Jamie McBain is hit by Rasmus Ristolainen and loses puck.
8:24 of 3rd period - Rasmus Ristolainen is hit by Adam Gaudette and loses puck.
8:31 of 3rd period - Snap shot by Connor McDavid.
8:31 of 3rd period - Shot Misses the Net.
11:21 of 3rd period - Jordan Szwarz is hit by Connor McDavid and loses puck.
12:33 of 3rd period - Slapshot by Rasmus Ristolainen.
12:33 of 3rd period - Stopped by Stuart Skinner without a rebound.
12:34 of 3rd period - Connor McDavid wins face-off versus Mika Zibanejad in Oilers zone.
12:48 of 3rd period - Slapshot by Brian Dumoulin.
12:48 of 3rd period - Deflect By Leon Draisaitl.
12:48 of 3rd period - Stopped by Stuart Skinner with a rebound.
12:50 of 3rd period - Wrist shot by David Pastrnak.
12:50 of 3rd period - Shot Misses the Net.
13:03 of 3rd period - Jamie Benn is hit by Chris Kreider and loses puck.
13:08 of 3rd period - Slapshot by Rasmus Ristolainen.
13:08 of 3rd period - Stopped by Stuart Skinner with a rebound.
13:10 of 3rd period - Snap shot by Jordan Szwarz.
13:10 of 3rd period - Shot Blocked by Frans Nielsen.
13:45 of 3rd period - Snap shot by Mark Jankowski.
13:45 of 3rd period - Shot Misses the Net.
15:25 of 3rd period - Minor Penalty to Artemi Panarin for High sticking.
15:26 of 3rd period - Vincent Trocheck wins face-off versus Connor McDavid in Canadiens zone.
17:25 of 3rd period - Penalty to Artemi Panarin is over, Artemi Panarin is back on ice.
17:36 of 3rd period - Slapshot by Justin Schultz.
17:36 of 3rd period - Shot Misses the Net.
17:52 of 3rd period - Minor Penalty to Anton Slepyshev for Cross-checking.
17:53 of 3rd period - Connor McDavid wins face-off versus Mika Zibanejad in Oilers zone.
18:25 of 3rd period - Off-side.
18:26 of 3rd period - Frans Nielsen wins face-off versus Vincent Trocheck in neutral zone.
18:41 of 3rd period - Slapshot by Jordan Szwarz.
18:41 of 3rd period - Deflect By Vincent Trocheck.
18:41 of 3rd period - Stopped by Stuart Skinner with a rebound.
18:53 of 3rd period - David Pastrnak is hit by Connor McDavid.
18:59 of 3rd period - Darnell Nurse is hit by David Pastrnak and loses puck.
19:52 of 3rd period - Penalty to Anton Slepyshev is over, Anton Slepyshev is back on ice.
Goals for this period are 1 for Canadiens vs 1 for Oilers.
Shots for this period are 6 for Canadiens vs 3 for Oilers.